 Dungeon Crawl Stone Soup version 0.29-a0-825-g72347fce65 (webtiles) character file.

Game seed: 8809036850704205486

63 Lekart the Trooper (level 3, 0/33 HPs)
             Began as a Draconian Fighter on July 11, 2022.
             Slain by a gnoll
             ... wielding a +0 flail
              (2 damage)
             ... on level 3 of the Dungeon.
             The game lasted 00:01:13 (1812 turns).

Lekart the Trooper (Draconian Fighter)              Turns: 1812, Time: 00:01:14

Health: 0/33       AC:  5    Str: 18    XL:     3   Next: 89%
Magic:  3/3        EV: 12    Int:  8    God:
Gold:   89         SH:  4    Dex: 12    Spells: 2/2 levels left

rFire   . . .      SeeInvis .   a - +0 long sword
rCold   . . .      Faith    .   b - +0 buckler
rNeg    . . .      Spirit   .   (body armour unavailable)
rPois   .          Reflect  .   (helmet restricted)
rElec   .          Harm     .   (no cloak)
rCorr   .          Rampage  .   (no gloves)
Will    .....                   (no boots)
Stlth   +.........              (no amulet)
HPRegen 0.11/turn               (no ring)
MPRegen 0.08/turn               (no ring)

@: no status effects
A: AC +5, unfitting armour, cold-blooded
a: no special abilities


You were on level 3 of the Dungeon.
You visited 1 branch of the dungeon, and saw 3 of its levels.

You collected 89 gold pieces.

Inventory:

Hand Weapons
 a - a +0 long sword (weapon)
Missiles
 f - a throwing net (quivered)
Armour
 b - a +0 buckler (worn)
Jewellery
 i - a ring of magical power
Scrolls
 e - a scroll of identify {unknown}
 g - a scroll of enchant armour {unknown}
 j - a scroll of torment {unknown}
 l - a scroll of immolation {unknown}
 o - a scroll of noise {unknown}
 p - a scroll of brand weapon {unknown}
 q - a scroll of teleportation {unknown}
Potions
 c - a potion of might
 d - 2 potions of degeneration {unknown}
 h - 3 potions of heal wounds {unknown}
 k - a potion of magic {unknown}
 m - a potion of attraction {unknown}
 n - a potion of flight {unknown}


   Skills:
 * Level 3.8 Fighting
 + Level 3.0 Long Blades
 + Level 3.0 Dodging
 + Level 3.5 Shields


You had 2 spell levels left.
You didn't know any spells.
Your spell library contained the following spells:

 Spells                   Type           Power      Damage    Failure   Level
 Tukima's Dance           Hex            0%         N/A       86%         3
 Passage of Golubria      Tloc           0%         N/A       99%         4
 Yara's Violent Unravell  Hex/Tmut       0%         3d3       100%        5


Dungeon Overview and Level Annotations

Branches:
Dungeon (3/15)

Altars:


Innate Abilities, Weirdness & Mutations

Your plain brown scales are hard. (AC +5)
You cannot fit into any form of body armour.
You are cold-blooded and may be slowed by cold attacks.


Message History

No target in view!
No target in view!
No target in view!
No target in view!
No target in view!
No target in view!
Found an arbalest.
No target in view!
p - a scroll labelled UDGHUFR ARIQ
q - a scroll labelled AZOZERH EQANANGE No target in view!
Found a ring mail.
No target in view!
No target in view!
You see here a +0 ring mail.
A gnoll comes into view. It is wielding a +0 flail.
Found an escape hatch in the ceiling.
A gnoll comes into view. It is wielding a +0 halberd.
Found 5 gold pieces.
The gnoll shouts!
A gnoll comes into view. It is wielding a +0 halberd.
There are monsters nearby!
The gnoll shouts!
There are monsters nearby!
The gnoll hits you with a +0 flail!
You hit the gnoll.
The gnoll is lightly wounded.
The gnoll hits you from afar with a +0 halberd.
The gnoll closely misses you.
You hit the gnoll but do no damage.
The gnoll is lightly wounded.
The gnoll closely misses you.
The gnoll hits you from afar with a +0 halberd.
The gnoll hits you with a +0 flail!
* * * LOW HITPOINT WARNING * * *
The gnoll barely misses you. The gnoll misses you.
The gnoll hits you from afar with a +0 halberd.
* * * LOW HITPOINT WARNING * * *
The gnoll attacks as you move away! The gnoll hits you with a +0 flail.
You die...

..###
..###.....##..<..##
..#
#.##..############
..# #.##.## ..##
#....### ...#
#......### ##.#
#.####...# #.#
###.# ###.#
#.###...# #.###
#.##..###
#.@.########
#...[##
##.gg......# #..###
#..g....$.# #..#
#....<....# #.##
............# ...
####.######### ##.#
### #.# #..


You could see 3 gnolls.

Vanquished Creatures
  An adder (D:2)
  2 dart slugs (D:1)
  6 endoplasms
  A giant cockroach (D:2)
  4 goblins (D:1)
  5 hobgoblins
  4 jackals (D:1)
  3 kobolds (D:1)
  3 quokkas (D:1)
  4 ball pythons
  A bat (D:1)
  3 frilled lizards
  7 rats
44 creatures vanquished.

Notes
Turn   | Place    | Note
-------+----------+-------------------------------------------
     0 | D:1      | Lekart the Draconian Fighter began the quest for the Orb.
     0 | D:1      | Reached XP level 1. HP: 19/19 MP: 1/1
   197 | D:1      | Reached XP level 2. HP: 26/26 MP: 2/2
   749 | D:1      | Reached XP level 3. HP: 29/33 MP: 3/3
  1812 | D:3      | Slain by a gnoll

Illustrated notes

Levels and vault maps discovered:
D:1:      reono_arrival_forest_river, layout_loops_ring
D:2:      layout_basic
D:3:      layout_rooms, mainiacjoe_overflow_alcove_1,
          shapermc_ecumenical_altar_pompeii, grunt_ministairs_12,
          nicolae_shop_vocational, uniq_natasha

Skill      XL: |  1  2  3 |
---------------+----------+-----
Dodging        | 3 |  3.0
Long Blades    | 3 |  3.0
Fighting       | |  3.8
Shields        | |  3.5

Action                   || total
-------------------------++-------
Melee: Long sword        ||   127
       Tailslap          ||    15
 Stab: Sleeping          ||     1
Armor: Skin              ||    36
Dodge: Dodged            ||    72
Block: Buckler           ||    26

Table legend: (Time is in decaauts)
 A = Elapsed time spent in this place.
 B = Non-inter-level travel time spent in this place.
 C = Inter-level travel time spent in this place.
 D = Time resting spent in this place.
 E = Time spent auto-exploring this place.
 F = Levels seen in this place.
 G = Mean time per level.
                   A        B        C        D        E       F      G
               +--------+--------+--------+--------+--------+-----+--------+
         Total |   1864 |   1830 |     34 |      0 |   1501 |   3 |  621.3 |
       Dungeon |   1864 |   1830 |     34 |      0 |   1501 |   3 |  621.3 |
               +--------+--------+--------+--------+--------+-----+--------+

Top non-repeatable levels by time:
     D:1: 1058 daAuts
     D:2: 704 daAuts
     D:3: 102 daAuts
